 Dungeon Crawl Stone Soup version 0.20.0-9-g8272e65 (webtiles) character file.

1270 Kosschaser the Slasher (level 8, -1/91 HPs)
             Began as a Demonspawn Fighter on June 3, 2017.
             Was a Follower of Qazlal.
             Slain by a gnoll
             ... wielding a +0 spear
              (3 damage)
             ... on level 6 of the Dungeon.
             The game lasted 00:19:29 (4330 turns).

Kosschaser the Slasher (Demonspawn Fighter)         Turns: 4330, Time: 00:19:29

Health: -1/91      AC: 24    Str: 17    XL:     8   Next: 28%
Magic:  8/8        EV:  2    Int: 10    God:    Qazlal [*.....]
Gold:   300        SH: 12    Dex: 14    Spells: 7/7 levels left

rFire    . . .     SeeInvis .   a - +0 long sword
rCold    . . .     Gourm    .   c - +0 shield
rNeg     + + +     Faith    .   (armour currently unavailable)
rPois    +         Spirit   .   (helmet currently unavailable)
rElec    .         Reflect  .   (cloak currently unavailable)
rCorr    .         Harm     .   (gloves currently unavailable)
MR       .....     Clarity  +   (boots currently unavailable) Stlth +.........NoTele +
                                e - amulet of regeneration
Regen    0.7/turn               (no ring)
MPRegen  0.2/turn               (no ring)

@: lethally poisoned (-1 -> -8), tree-form
A: clarity, evolution 1, rot immunity
a: Renounce Religion


You were on level 6 of the Dungeon.
You worshipped Qazlal.
Qazlal was aware of your devotion.
You were not hungry.
You were a tree.
You visited 2 branches of the dungeon, and saw 7 of its levels.

You collected 300 gold pieces.

Inventory:

Hand Weapons
 a - a +0 long sword (weapon)
Armour
 c - a +0 shield (worn)
 u - a +0 helmet (melded)
 y - a +0 pair of boots (melded)
 A - the cursed +1 scale mail of Proximity (melded) {+Inv rC+ rN+ Slay+2}
   (You found it on level 6 of the Dungeon)

   It affects your accuracy and damage with ranged weapons and melee attacks
   (+2).
   It protects you from cold.
   It protects you from negative energy.
   It lets you turn invisible.
   It has a curse placed upon it.
Jewellery
 e - an amulet of regeneration (around neck)
Wands
 b - a wand of lightning (3/15)
 h - a wand of lightning (7/15)
Scrolls
 g - a scroll of recharging {unknown}
 k - 2 scrolls of remove curse
 m - a scroll of enchant weapon
 t - a scroll of amnesia
 v - 2 scrolls of teleportation
 x - 2 scrolls of enchant armour
 z - 3 scrolls of identify
Potions
 d - 2 potions of might
 o - 4 potions of brilliance
 p - a potion of lignification
 w - a potion of invisibility
Comestibles
 f - 7 bread rations
 j - 5 meat rations
 q - 4 fruits
 s - 2 royal jellies


   Skills:
 + Level 4.6 Fighting
 + Level 5.7 Long Blades
 + Level 4.6 Armour
 + Level 2.2 Dodging
 + Level 5.3 Shields


You had 7 spell levels left.
You didn't know any spells.

Dungeon Overview and Level Annotations

Branches:
Dungeon (6/15)             Temple (1/1) D:4

Altars:
Ashenzari
Dithmenos
Elyvilon
Fedhas
Gozag
Hepliaklqana
Kikubaaqudgha
Makhleb
Okawaru
Qazlal
Ru
Sif Muna
Vehumet
Xom
Yredelemnul

Annotations:
D:6 Dowan


Innate Abilities, Weirdness & Mutations

((You have large cloven feet.))
((You are partially covered in large bone plates. (SH +4)))
You are immune to rotting.
You possess an exceptional clarity of mind.
((Armour fits poorly on your strangely shaped body.))
You evolve.


Message History

* * * LOW HITPOINT WARNING * * *
You feel sick.
Dowan mumbles some strange words.
Dowan blinks!
The gnoll hits you from afar with a spear.
* * * LOW HITPOINT WARNING * * *
The gnoll sergeant hits you but does no damage.
* * * LOW HITPOINT WARNING * * *
You feel sick. You block the gnoll's attack.
Dowan breathes, "And she was my only..."
The gnoll sergeant completely misses you.
* * * LOW HITPOINT WARNING * * *
You feel sick. You block the gnoll's attack.
The gnoll sergeant hits you from afar with a spear.
* * * LOW HITPOINT WARNING * * *
Unknown command.
* * * LOW HITPOINT WARNING * * *
You feel sick.
The gnoll hits you from afar with a spear.
You die...

#.......#......#......##...
#....=..#.....(#......###g.
#######..).....#......###g#
##.#'#####.........(.
#..e..gg)..........[
##gO#####.........). #gg#
#######..... ##.# #÷....
#♣# #..... #># #..... ###
#..... ######


You could see an ogre, a gnoll sergeant, Dowan and 2 gnolls.

Vanquished Creatures
  Sigmund (D:6)
  Menkaure (D:5)
  Duvessa (D:6)
  An ice beast (D:5)
  An ogre (D:5)
  The ghost of Darkell the Chiller, an amateur DsIE (D:4)
  A howler monkey (D:6)
  A crimson imp (D:6)
  A bullfrog zombie (D:5)
  2 jellies (D:5)
  A bullfrog skeleton (D:5)
  A gnoll shaman (D:6)
  2 hounds (D:5)
  An orc wizard (D:5)
  An iguana (D:5)
  2 worker ants
  A hound zombie (D:5)
  5 gnolls (D:6)
  7 adders
  2 shadow imps
  An adder skeleton (D:4)
  3 worms
  A dart slug (D:1)
  3 leopard geckos
  16 orcs
  8 giant cockroaches
  8 goblins
  7 hobgoblins
  4 jackals (D:4)
  5 kobolds
  A quokka (D:6)
  5 bats
  8 frilled lizards
  A leopard gecko skeleton (D:5)
  A quokka skeleton (D:4)
  4 rats
110 creatures vanquished.

Notes
Turn   | Place    | Note
-------+----------+-------------------------------------------
     0 | D:1      | Kosschaser the Demonspawn Fighter began the quest for the Orb.
     0 | D:1      | Reached XP level 1. HP: 18/18 MP: 1/1
    67 | D:1      | Gained mutation: You have large cloven feet. [demonic ancestry]
    67 | D:1      | Reached XP level 2. HP: 24/24 MP: 2/2
   447 | D:1      | Reached XP level 3. HP: 28/29 MP: 3/3
  1427 | D:2      | Reached XP level 4. HP: 35/35 MP: 4/4
  1774 | D:3      | Noticed a hungry ghost
  1867 | D:4      | Found a staircase to the Ecumenical Temple.
  1879 | D:4      | Gained mutation: You are partially covered in large bone plates. (SH +4) [demonic ancestry]
  1879 | D:4      | Reached XP level 5. HP: 39/41 MP: 5/5
  1949 | Temple   | Entered the Ecumenical Temple
  2040 | Temple   | Became a worshipper of Qazlal Stormbringer
  2066 | D:4      | Noticed Darkell's ghost (amateur DsIE)
  2146 | D:4      | Killed Darkell's ghost
  2146 | D:4      | Reached skill level 1 in Dodging
  2653 | D:4      | Reached XP level 6. HP: 47/47 MP: 6/6
  2995 | D:5      | Entered Level 5 of the Dungeon
  3176 | D:5      | Reached * piety under Qazlal
  3684 | D:5      | Noticed an ice beast
  3701 | D:5      | Killed an ice beast
  3701 | D:5      | Gained mutation: You are immune to rotting. [demonic ancestry]
  3701 | D:5      | Reached XP level 7. HP: 48/53 MP: 7/7
  3720 | D:6      | Noticed Menkaure
  3732 | D:6      | Noticed Sigmund
  3751 | D:5      | Killed Menkaure
  3898 | D:5      | Reached skill level 5 in Long Blades
  3910 | D:6      | Killed Sigmund
  3910 | D:6      | Reached skill level 5 in Shields
  3910 | D:6      | Reached XP level 8. HP: 56/61 MP: 8/8
  4025 | D:6      | Got a shimmering scale mail
  4036 | D:6      | Identified the cursed +1 scale mail of Proximity {+Inv rC+ rN+ Slay+2} (You found it on level 6 of the Dungeon)
  4262 | D:6      | Noticed Duvessa
  4267 | D:6      | Noticed Dowan
  4302 | D:6      | Killed Duvessa
  4314 | D:6      | HP: 4/91 [poisoned by Dowan]
  4315 | D:6      | Gained mutation: Armour fits poorly on your strangely shaped body. [potion of mutation]
  4315 | D:6      | Gained mutation: You evolve. [potion of mutation]
  4315 | D:6      | Gained mutation: You possess an exceptional clarity of mind. [potion of mutation]
  4329 | D:6      | HP: 2/91 [gnoll sergeant/spear (4)]
  4330 | D:6      | Slain by a gnoll

Skill      XL: |  1  2  3  4  5  6  7 |
---------------+----------------------+-----
Armour         | 3 4 |  4.6
Long Blades    | 2 3 4 5 |  5.7
Shields        | 3 4 5 |  5.3
Dodging        | 1 2 |  2.2
Fighting       | 4 |  4.6

Action                   |  1- 3 |  4- 6 |  7- 9 || total
-------------------------+-------+-------+-------++-------
Melee: Long sword        |   144 |   265 |   137 ||   546
       Kick              |     3 |       |       ||     3
  Use: Scroll            |       |    11 |     2 ||    13
       Potion            |       |       |     5 ||     5
  Eat: Chunk             |     1 |     9 |     2 ||    12
Armor: Scale mail        |    76 |   106 |    42 ||   224
       Skin              |       |       |    17 ||    17
Dodge: Dodged            |    59 |    62 |    58 ||   179
Block: Shield            |    99 |   182 |   170 ||   451
       Rpst.: Long sword |    21 |    20 |     9 ||    50
